 Dungeon Crawl Stone Soup version 0.31.0-32-g396128a36d (console) character file.

Game seed: 11667730230167942042

3513 utis the Reanimator (level 9, -3/70 (71) HPs)
             Began as a Demigod Necromancer on Mar 29, 2024.
             Slain by an orc warrior
             ... wielding a +0 hand axe
              (12 damage)
             ... in a bailey.
             The game lasted 00:45:57 (11149 turns).

utis the Reanimator (Demigod Necromancer)          Turns: 11149, Time: 00:45:58

HP:   -3/70 (71)    AC: 12    Str: 17    XL:     9   Next: 52%
MP:   13/16         EV: 10    Int: 21    God:
Gold: 86            SH:  5    Dex: 20    Spells: 3/13 levels left

rFire   . . .        v - +2 trident (drain)
rCold   . . .        (no shield)
rNeg    . . .        t - +0 chain mail
rPois   .            (no helmet)
rElec   .            (no cloak)
rCorr   .            y - +1 pair of gloves
SInv    .            z - +0 pair of boots
Will    +....        w - amulet of reflection Stlth
                     o - +6 ring of dexterity
HPRegen 0.31/turn    I - ring of willpower
MPRegen 0.15/turn

%: reflection
@: very slightly contaminated, lightly drained, invisible
A: high MP 1, forlorn, divine attributes
a: no special abilities


You were in a bailey.
You visited 1 branch of the dungeon, and saw 8 of its levels.
You also visited: Bailey.

You collected 332 gold pieces.
You spent 246 gold pieces at shops.

Inventory:

Hand Weapons
 d - a +0 sling
 q - a +0 spear
 r - a +0 halberd
 v - a +2 trident of draining (weapon)
 H - a +1 whip of electrocution
Missiles
 c - 5 poisoned darts
 K - a throwing net
 P - 5 boomerangs
Armour
 a - a +0 robe
 h - a +0 scale mail
 k - a +0 ring mail
 t - a +0 chain mail (worn)
 u - a +0 buckler
 y - a +1 pair of gloves (worn)
 z - a +0 pair of boots (worn)
 D - an orb of guile
 F - a +0 plate armour
Jewellery
 o - a +6 ring of dexterity (left hand)
 s - a ring of positive energy
 w - an amulet of reflection (around neck)
 A - a ring of ice
 I - a ring of willpower (right hand)
Wands
 i - a wand of quicksilver (7)
 J - a wand of roots (10)
Scrolls
 f - 2 scrolls of poison
 n - 3 scrolls of teleportation {@r1}
 p - 2 scrolls of fog
 B - a scroll of amnesia {unknown}
 C - a scroll of torment {!r}
 E - a scroll of butterflies {unknown}
 G - 2 scrolls of blinking
 L - a scroll of identify
 M - a scroll of noise {unknown}
 N - a scroll of revelation
 O - a scroll of brand weapon {unknown}
Potions
 e - a potion of degeneration
 g - a potion of invisibility
 j - a potion of lignification
 l - 5 potions of curing {@q1}
 m - a potion of might {unknown}
 x - 2 potions of heal wounds {@q2}


   Skills:
 - Level 4.2 Fighting
 - Level 6.2 Polearms
 - Level 4.2 Armour
 - Level 4.7 Dodging
 - Level 1.7 Stealth
 + Level 2.7 Spellcasting
 + Level 8.0 Necromancy
 + Level 1.8 Air Magic
 + Level 1.8 Alchemy


You had 3 spell levels left.
You knew the following spells:

 Your Spells              Type           Power      Damage    Failure   Level
n - Animate Dead          Necr           36%        N/A       45%         4
v - Vampiric Draining     Necr           36%        2d8       16%         3
X - Cigotuvi's Dreadful   Necr/Alch/Air  38%        N/A       38%         2
Y - Necrotise             Necr           100%       1d9       4%          1

Your spell library contained the following spells:

 Spells                   Type           Power      Damage    Failure   Level
 Mercury Vapours          Alch/Air       20%        N/A       67%         2
 Swiftness                Air            10%        N/A       88%         3
 Ensorcelled Hibernation  Hex/Ice        4%         N/A       90%         2
 Passwall                 Erth           2%         N/A       99%         3
 Curse of Agony           Necr           36%        N/A       80%         5
 Metabolic Englaciation   Hex/Ice        1%         N/A       100%        5
 Enfeeble                 Hex            1%         N/A       100%        7


Dungeon Overview and Level Annotations

Branches:
Dungeon (8/15)             Temple (0/1) D:6          Bailey (1/1)
   Lair: D:8-11

Shops:
D:3 !   D:4 !   D:5 ?:?=*   D:7 *


Innate Abilities, Weirdness & Mutations

You have an increased reservoir of magic. (+10% MP)
You shall have no god before yourself.
Your divine heritage dramatically boosts your attributes as you level up.


Message History

Casting: Vampiric Draining (dangerous; 16% risk of failure)
Confirm with . or Enter, or press ? or * to list all spells.
Aiming: Vampiric Draining (dangerous; 16% risk of failure)
Press: ? - help, Shift-Dir - straight line, f/p - orc warlord
Aim: an orc warlord, wielding a +5 broad axe and wearing a +0 chain mail (lightly wounded)
You draw life force from the orc warlord!
You feel life coursing into your body.
* * * LOW MAGIC WARNING * * *
The orc warlord hits you with a +5 broad axe.
The orc warrior hits you with a +0 hand axe!
* * * LOW HITPOINT WARNING * * *
Unknown command.
Unknown command.
You feel much better.
The orc warlord hits you with a +5 broad axe!!
The orc warrior hits you with a +0 hand axe!
* * * LOW HITPOINT WARNING * * *
You fade into invisibility!
The orc warlord barely misses you.
The orc warrior hits you with a +0 hand axe!
* * * LOW HITPOINT WARNING * * *
You feel much better.
The orc warrior no longer looks unusually strong.
The orc warlord roars a battlecry!
The orc warrior goes into a battle-frenzy!
The orc warrior hits you with a +0 hand axe!
* * * LOW HITPOINT WARNING * * *
Magic courses through your body. You block the orc warlord's attack.
The orc warrior misses you.
Casting: Vampiric Draining (dangerous; 16% risk of failure)
Confirm with . or Enter, or press ? or * to list all spells.
Aiming: Vampiric Draining (dangerous; 16% risk of failure)
Press: ? - help, Shift-Dir - straight line, f/p - orc warlord
Aim: an orc warlord, wielding a +5 broad axe and wearing a +0 chain mail (lightly wounded, unable to see you)
You draw life force from the orc warlord!
You feel life coursing into your body!
The orc warlord hits you with a +5 broad axe!!
* * * LOW HITPOINT WARNING * * *
The orc warrior hits you with a +0 hand axe!
You die...

▒...........▒
▒...........▒
▒▒.........▒▒▒ ♣♣♣♣♣♣
▒▒▒.....▒'▒.▒▒▒
♣♣♣....♣♣
▒▒▒.▒▒▒.....▒▒▒♣.......♣
▒▒▒.........▒▒.......♣
▒...........▒.......♣♣
▒.....).....'........♣
▒.....⌠....))))∩.∩...♣
▒...........)........♣
▒......p....▒.......♣♣
▒▒▒....oo...▒▒.......♣ ▒
▒▒▒.▒▒▒)....▒▒▒♣♣♣.....♣
▒▒▒ ▒▒▒.....▒$▒.▒▒▒
♣..♣♣♣♣
..▒▒▒...))..).▒▒▒ ♣♣♣♣
...▒....)).....▒
...▒.....).....▒
...▒...).⌠)....▒
.).')).........▒
...▒...........▒
..▒▒▒.........▒▒


You could see an orc warlord (unable to see you) and an orc warrior (strong,
unable to see you, drained).

Vanquished Creatures
  Pikel (D:6)
  Jeremiah (D:7)
  A steam dragon (D:7)
  A water moccasin (D:7)
  5 orc warriors (Bailey)
  2 ice beasts (D:6)
  2 black bears (D:4)
  2 centaurs
  An ogre (D:5)
  3 lemures (D:6)
  2 bullfrogs (D:7)
  2 scorpions
  5 wights
  3 bombardier beetles
  4 jellies
  3 hounds
  2 orc priests (D:6)
  A sleepcap (D:7)
  3 iguanas
  2 orc wizards (D:5)
  10 adders
  15 gnolls
  A shadow imp (D:5)
  2 white imps (D:5)
  2 ufetubi (D:6)
  A dart slug (D:2)
  3 ribbon worms
  18 orcs
  2 bats
  8 endoplasms
  7 giant cockroaches
  18 goblins
  18 hobgoblins
  11 jackals
  5 kobolds
  7 quokkas
  7 ball pythons
  4 frilled lizards
  4 rats
189 creatures vanquished.

Vanquished Creatures (collateral kills)
  A jackal (D:2)
1 creature vanquished.

Grand Total: 190 creatures vanquished

Notes
Turn   | Place    | Note
-------+----------+-------------------------------------------
     0 | D:1      | utis the Demigod Necromancer began the quest for the Orb.
     0 | D:1      | Reached XP level 1. HP: 14/14 MP: 5/5
   290 | D:1      | Reached skill level 4 in Necromancy
   407 | D:1      | Reached XP level 2. HP: 20/20 MP: 4/7
  1522 | D:2      | Reached XP level 3. HP: 26/26 MP: 1/8
  1913 | D:2      | Reached skill level 5 in Necromancy
  1967 | D:2      | Learned a level 3 spell: Vampiric Draining
  2600 | D:2      | Reached XP level 4. HP: 33/33 MP: 6/9
  2660 | D:3      | Found Haadiykk's Distillery.
  2717 | D:3      | Bought a potion of curing for 42 gold pieces
  3342 | D:3      | Reached skill level 6 in Necromancy
  3342 | D:3      | Reached XP level 5. HP: 38/38 MP: 7/10
  4544 | D:4      | Reached skill level 1 in Polearms
  4544 | D:4      | Reached XP level 6. HP: 35/46 MP: 11/11
  4647 | D:4      | Reached skill level 1 in Fighting
  4647 | D:4      | Reached skill level 1 in Armour
  5051 | D:4      | Found Ilecitzu's Distillery.
  5103 | D:4      | Learned a level 4 spell: Animate Dead
  5290 | D:4      | Reached XP level 7. HP: 29/53 MP: 8/12
  5471 | D:5      | Entered Level 5 of the Dungeon
  5480 | D:5      | Found Jadaebip's General Store.
  5485 | D:5      | Bought a scroll of identify for 24 gold pieces
  5605 | D:5      | Found Ruxeazuve's Jewellery Emporium.
  5882 | D:5      | Found Neebran's Magic Scroll Emporium.
  5887 | D:5      | Bought a scroll of teleportation for 42 gold pieces
  5887 | D:5      | Bought a scroll of fog for 56 gold pieces
  6103 | D:5      | Found Padghofo's Book Shoppe.
  6346 | D:5      | Found Cohuned's Magic Scroll Shop.
  7330 | D:5      | Reached XP level 8. HP: 62/62 MP: 13/13
  7820 | D:6      | Found a staircase to the Ecumenical Temple.
  7854 | D:6      | Reached skill level 5 in Polearms
  8477 | D:6      | Noticed Pikel
  8490 | D:6      | Killed Pikel
  8978 | D:7      | Reached XP level 9. HP: 19/71 MP: 1/14
  9408 | D:7      | Found Liefrafi's Assorted Antiques.
  9536 | D:7      | Noticed Jeremiah
  9580 | D:7      | Killed Jeremiah
  9581 | D:7      | Reached skill level 7 in Necromancy
  9930 | D:7      | Got the Directory of Charmed Astrapomancy
  9951 | D:7      | Learned a level 2 spell: Cigotuvi's Dreadful Rot
 10210 | D:5      | Bought a scroll of blinking for 82 gold pieces
 10437 | D:8      | Found a flagged portal.
 10466 | Bailey   | Entered a bailey
 10868 | Bailey   | Reached skill level 1 in Air Magic
 10868 | Bailey   | Reached skill level 1 in Alchemy
 10919 | Bailey   | Reached skill level 8 in Necromancy
 11112 | Bailey   | Noticed an orc warlord
 11149 | Bailey   | Slain by an orc warrior

Illustrated notes

Levels and vault maps discovered:
D:1:      lemuel_arrival_muddy, layout_basic,
          hellmonk_ecumenical_altar_heavens_door
D:2:      layout_basic, serial_forest, infiniplex_forest_fountain,
          infiniplex_forest_clump_curved, infiniplex_forest_clump_double,
          infiniplex_forest_end_3, infiniplex_forest_clump_C,
          infiniplex_forest_lined_3_way, infiniplex_forest_straight_3,
          infiniplex_forest_clump_diagonal, infiniplex_forest_lined_corner
D:3:      layout_loops_ring, serial_shops, nicolae_square_shop
D:4:      layout_rooms, serial_shops, nicolae_shop_just_a_little_nook,
          minmay_misc_feat_encased
D:5:      layout_loops_cross, serial_shops, nicolae_shop_behind_doors,
          shop_statue, shop, shop, shop, grunt_decor_cap,
          kennysheep_flooded_box, roderic_roman_lattice,
          kb_lookout_dungeons_type
D:6:      layout_cave_pools, evilmike_ruin_ashenzari,
          minmay_temple_entry_statues_fountains, serial_library_hellmonk_u_bend,
          minmay_misc_feat_four_crosses, kennysheep_crisscross,
          serial_bayou_lagoon_a, kennysheep_windowed_goal, uniq_pikel
D:7:      layout_loops_ring, mainiacjoe_overflow_24_doors, serial_shops, shop,
          nrook_campfire, uniq_jeremiah
D:8:      layout_basic, enter_bailey_5, uniq_psyche
Bailey:   bailey_axe_minmay_hex_keep, bailey

Skill      XL: |  1  2  3  4  5  6  7  8  9 |
---------------+----------------------------+-----
Necromancy     | 4 5 6 8 |  8.0
Dodging        | 2 3 4 |  4.7
Polearms       | 1 2 4 6 |  6.2
Fighting       | 1 2 4 |  4.2
Armour         | 1 2 4 |  4.2
Spellcasting   | 2 |  2.7
Air Magic      | 1 |  1.8
Alchemy        | 1 |  1.8
Stealth        | |  1.7

Action                     |  1- 3 |  4- 6 |  7- 9 || total
---------------------------+-------+-------+-------++-------
  Melee: Halberd           |       |    31 |   236 ||   267
         Trident           |       |       |    58 ||    58
         Punch             |       |       |     1 ||     1
   Fire: Sling             |    25 |    12 |       ||    37
  Throw: Dart              |       |     4 |       ||     4
         Throwing net      |       |       |     1 ||     1
   Cast: Necrotise         |    79 |   100 |    96 ||   275
         Vampiric Draining |       |       |    29 ||    29
    Use: Scroll            |       |     5 |     6 ||    11
         Potion            |       |       |     4 ||     4
   Stab: Distracted        |       |       |     1 ||     1
 Armour: Robe              |     3 |       |       ||     3
         Ring mail         |     9 |    19 |       ||    28
         Scale mail        |       |    46 |   204 ||   250
         Chain mail        |       |       |    70 ||    70
  Dodge: Dodged            |     5 |    46 |   153 ||   204
  Block: Other             |       |       |    13 ||    13
         Reflection        |       |       |     1 ||     1
